Map: [ESL] Site Delta

Players

YoungYakov

  • Race: Zerg Zerg
  • Spawn Location: 11:00

Harstem - Winner!

  • Race: Protoss Protoss
  • Spawn Location: 5:00

Event: ESL SC2 Masters 2023 Winter (Regional)

VOD

Have the link to the VOD?

Description

Time

  • Played on: Nov. 5, 2023, 8:34 a.m.
  • Length: 13:16

All games in this series

Show
View Real Time Build Order
Export as new Build Order

YoungYakov Zerg 

Build Orders: Hatch First, Lurkers 

Get SALT Encoding   

  12  0:00  Drone  
  13  0:12  Overlord  
  13  0:17  Drone  
  14  0:30  Drone  
  14  0:31  Drone  
  16  0:48  Hatchery  
  15  0:52  Drone  
  15  0:55  Drone  
  17  0:59  Drone  
  18  1:09  Extractor  
  17  1:14  Spawning Pool  
  17  1:17  Drone  
  17  1:20  Drone  
  18  1:28  Drone  
  19  1:38  Drone  
  20  1:52  Overlord  
  20  2:01  Queen x2  
  22  2:02  Zergling x4  
  26  2:12  Drone x2  
  26  2:15  Metabolic Boost  
  28  2:21  Drone  
  28  2:22  Drone  
  30  2:36  Hatchery  
  29  2:40  Drone x2  
  31  2:45  Overlord  
  31  2:48  Drone  
  32  2:57  Queen  
  34  3:00  Drone x2  
  36  3:06  Drone  
  36  3:09  Overlord  
  36  3:11  Drone x2  
  36  3:12  Drone  
  40  3:18  Queen  
  41  3:26  Zergling x4  
  43  3:29  Zergling x2  
  44  3:35  Zergling x2  
  47  3:42  Drone x2  
  47  3:43  Drone x2  
  47  3:48  Lair  
  49  3:49  Drone  
  49  3:51  Drone x3  
  49  3:55  Drone x2  
  53  4:04  Drone x3  
  52  4:10  Drone x2  
  52  4:17  Drone x5  
  56  4:19  Overlord  
  56  4:21  Overlord  
  57  4:24  Extractor  
  57  4:26  Drone x2  
  57  4:28  Overlord  
  57  4:34  Spore Crawler  
  57  4:36  Spore Crawler x2  
  54  4:39  Drone x3  
  54  4:41  Overlord  
  57  4:50  Drone  
  57  4:51  Drone x2  
  60  4:54  Overlord, Hydralisk Den  
  60  4:58  Drone, Overlord  
  60  4:59  Extractor  
  59  5:01  Drone x3  
  59  5:04  Drone x3  
  65  5:11  Drone x3  
  68  5:19  Evolution Chamber  
  66  5:22  Drone x5  
  66  5:23  Muscular Augments  
  66  5:27  Drone  
  71  5:29  Extractor  
  71  5:31  Extractor, Drone x3  
  71  5:33  Drone x3  
  75  5:38  Overlord  
  75  5:40  Overlord  
  75  5:43  Zergling x8  
  75  5:45  Zerg Missile Weapons Level 1  
  78  5:52  Hydralisk  
  78  5:53  Hydralisk x2  
  79  5:58  Drone x4  
  79  6:00  Hydralisk  
  81  6:06  Drone  
  81  6:07  Drone  
  83  6:14  Infestation Pit  
  83  6:15  Drone  
  83  6:16  Drone  
  83  6:17  Hydralisk  
  86  6:19  Hydralisk  
  86  6:20  Hatchery  
  86  6:21  Hydralisk  
  86  6:24  Zergling x4  
  86  6:25  Zergling x2  
  92  6:29  Grooved Spines  
  92  6:31  Hydralisk x2  
  95  6:33  Zergling x2  
  95  6:34  Zergling x2  
  97  6:44  Zergling x6  
  97  6:45  Zergling x2  
  96  6:49  Hydralisk x3  
  96  6:53  Hydralisk  
  98  6:56  Overlord x2  
  98  6:59  Overlord  
  98  7:01  Zergling x6  
  97  7:05  Hive  
  97  7:07  Overlord  
  97  7:08  Extractor  
  95  7:09  Queen  
  95  7:12  Zergling x2  
  95  7:14  Hydralisk  
  95  7:15  Hydralisk x2  
  102  7:17  Hydralisk  
  102  7:20  Zergling x4  
  102  7:21  Zergling x2  
  107  7:24  Zergling x6  
  110  7:32  Zergling x10  
  110  7:35  Zergling x6  
  115  7:39  Lurker Den  
  115  7:41  Hydralisk  
  116  7:44  Zerg Missile Weapons Level 2  
  116  7:46  Hydralisk  
  118  7:52  Zergling x2  
  118  7:53  Overlord x3  
  118  7:54  Overlord  
  118  7:59  Overlord  
  118  8:11  Queen  
  119  8:15  Drone x5  
  119  8:18  Drone x4  
  128  8:21  Adrenal Glands  
  128  8:23  Hydralisk  
  130  8:28  Hydralisk x2  
  134  8:36  Lurker x4  
  134  8:39  Seismic Spines  
  134  8:41  Zergling x10  
  138  8:48  Hydralisk x5  
  138  8:51  Extractor  
  138  8:52  Extractor  
  145  8:56  Overlord  
  145  9:02  Overlord  
  145  9:07  Lurker  
  145  9:09  Lurker x2  
  148  9:11  Drone x3  
  148  9:12  Drone x3  
  148  9:13  Zergling x10  
  159  9:17  Zergling x2  
  159  9:18  Zergling x8, Overlord  
  159  9:19  Overlord  
  159  9:22  Spore Crawler  
  155  9:36  Adaptive Talons  
  152  9:43  Hydralisk x6  
  150  9:52  Drone x10  
  157  9:58  Hydralisk x3  
  163  10:01  Queen  
  163  10:02  Overseer  
  164  10:07  Lurker x4  
  168  10:19  Zergling x10  
  173  10:25  Hydralisk x4  
  180  10:31  Zergling x6  
  179  10:37  Viper  
  179  10:39  Zerg Melee Weapons Level 1  
  181  10:42  Hatchery  
  175  10:55  Hydralisk x7  
  175  10:56  Overlord  
  171  11:04  Lurker x2  
  171  11:05  Zergling x2  
  171  11:06  Zergling x10  
  174  11:16  Zergling x14  
  172  11:25  Zergling x4  
  163  11:27  Queen  
  163  11:28  Drone x2  
  163  11:29  Overseer  
  163  11:30  Spore Crawler  
  163  11:31  Lurker x2  
  163  11:32  Lurker  
  169  11:35  Viper  
  169  11:39  Hatchery  
  171  11:46  Overseer  
  171  11:47  Evolution Chamber  
  171  11:49  Zergling x10  
  171  11:50  Zergling x4  
  173  11:55  Hydralisk x2  
  164  12:09  Viper x2  
  164  12:14  Zergling x10  
  164  12:15  Lurker x3  
  166  12:22  Zergling x6  
  163  12:39  Hydralisk x6  
  163  12:40  Baneling Nest  
  165  12:51  Zergling x6  
  165  12:52  Zergling x10  
Show
View Real Time Build Order
Export as new Build Order

Harstem Protoss - Winner!

Build Orders: 1 Gate Expand, Oracle Opening 

Get SALT Encoding   

  12  0:00  Probe  
  13  0:12  Probe  
  14  0:18  Pylon  
  14  0:24  Probe  
  15  0:36  Probe (Chrono Boost)  
  15  0:38  Gateway  
  16  0:46  Assimilator, Probe (Chrono Boost)  
  17  0:51  Probe (Chrono Boost)  
  18  1:03  Probe  
  19  1:15  Probe  
  20  1:23  Nexus  
  20  1:34  Cybernetics Core  
  20  1:36  Probe  
  21  1:45  Assimilator  
  21  1:48  Probe  
  21  1:52  Pylon  
  22  2:00  Probe (Chrono Boost)  
  23  2:07  Adept (Chrono Boost)  
  23  2:13  Probe (Chrono Boost)  
  26  2:15  Stargate  
  26  2:21  Probe (Chrono Boost)  
  27  2:26  Warp Gate  
  27  2:28  Probe (Chrono Boost)  
  28  2:30  Adept  
  28  2:35  Probe (Chrono Boost)  
  33  2:44  Probe (Chrono Boost)  
  33  2:45  Probe (Chrono Boost)  
  33  2:51  Probe x2  
  35  2:59  Oracle (Chrono Boost)  
  35  3:03  Probe  
  35  3:04  Probe, Adept  
  42  3:15  Probe  
  42  3:16  Probe  
  42  3:17  Pylon  
  44  3:23  Gateway  
  44  3:27  Probe  
  44  3:28  Probe  
  44  3:33  Oracle (Chrono Boost)  
  51  3:45  Pylon  
  51  3:47  Nexus  
  49  3:48  Probe  
  49  3:50  Probe  
  51  4:00  Probe  
  53  4:02  Probe  
  53  4:05  Oracle  
  54  4:12  Probe  
  54  4:14  Probe  
  54  4:17  Pylon  
  54  4:23  Twilight Council  
  54  4:27  Pylon  
  54  4:29  Pylon, Probe x2  
  54  4:31  Assimilator  
  54  4:34  Assimilator  
  54  4:35  Stalker  
  54  4:36  Stalker  
  58  4:41  Probe x2  
  58  4:43  Pylon  
  60  4:48  Gateway  
  60  4:51  Gateway  
  60  4:53  Probe x2  
  60  4:58  Blink (Chrono Boost)  
  62  5:02  Zealot  
  62  5:05  Probe  
  66  5:12  Nexus  
  66  5:13  Probe  
  66  5:17  Probe  
  67  5:25  Probe  
  67  5:28  Stalker x2  
  72  5:29  Probe  
  72  5:31  Pylon  
  73  5:37  Pylon  
  73  5:42  Stalker  
  73  5:45  Stalker  
  73  5:48  Robotics Facility  
  75  5:50  Probe  
  75  5:51  Probe  
  77  6:01  Pylon  
  77  6:03  Probe  
  78  6:04  Stalker x2  
  78  6:09  Stalker  
  84  6:12  Stalker, Pylon  
  86  6:19  Probe x2  
  86  6:20  Forge  
  86  6:22  Shield Battery  
  88  6:28  Stalker  
  88  6:29  Stalker  
  94  6:35  Stalker x2  
  94  6:50  Probe  
  94  6:54  Stalker x2  
  97  6:57  Probe  
  97  6:58  Stalker x2  
  97  6:59  Probe  
  103  7:01  Robotics Bay  
  103  7:02  Protoss Ground Weapons Level 1 (Chrono Boost), Probe  
  103  7:06  Observer, Pylon  
  105  7:10  Probe  
  105  7:11  Probe  
  105  7:14  Probe  
  108  7:16  Assimilator  
  108  7:17  Stalker  
  108  7:18  Stalker  
  108  7:21  Assimilator  
  108  7:22  Charge, Pylon  
  112  7:32  Probe  
  112  7:35  Stalker x2  
  112  7:36  Probe  
  117  7:38  Warp Prism (Chrono Boost)  
  117  7:41  Pylon  
  118  7:44  Gateway  
  118  7:45  Probe  
  118  7:47  Gateway  
  119  7:55  Zealot  
  119  7:56  Zealot  
  119  7:58  Colossus (Chrono Boost), Pylon  
  123  7:59  Extended Thermal Lance (Chrono Boost)  
  123  8:04  Zealot  
  123  8:05  Zealot  
  133  8:09  Probe x2  
  135  8:16  Zealot  
  135  8:17  Zealot  
  139  8:21  Gateway  
  139  8:23  Gateway  
  139  8:27  Sentry  
  139  8:29  Zealot  
  143  8:37  Zealot  
  145  8:43  Pylon  
  145  8:50  Colossus (Chrono Boost)  
  145  8:52  Robotics Facility  
  145  8:54  Robotics Facility  
  149  8:56  Nexus  
  149  8:58  Pylon  
  149  9:02  Pylon  
  148  9:05  Pylon  
  147  9:11  Protoss Ground Weapons Level 2 (Chrono Boost), Probe  
  147  9:12  Zealot x3  
  154  9:18  Zealot x4  
  160  9:34  Zealot x4  
  160  9:42  Disruptor (Chrono Boost)  
  170  9:49  Probe  
  170  9:51  Colossus (Chrono Boost)  
  170  9:52  Disruptor (Chrono Boost), Stalker x2  
  173  9:54  Photon Cannon  
  173  9:57  Photon Cannon  
  171  10:02  Nexus  
  171  10:07  Pylon  
  171  10:08  Pylon  
  171  10:09  Pylon  
  171  10:15  Forge  
  171  10:24  Pylon  
  171  10:25  Disruptor  
  175  10:28  Disruptor  
  175  10:31  Disruptor  
  181  10:36  Zealot x4  
  181  11:01  Disruptor (Chrono Boost)  
  171  11:08  Disruptor (Chrono Boost)  
  171  11:11  Zealot x3  
  171  11:12  Zealot x5  
  171  11:14  Disruptor (Chrono Boost)  
  175  11:28  Probe x2  
  175  11:30  Disruptor, Probe  
  175  11:31  Photon Cannon  
  180  11:34  Assimilator  
  180  11:35  Photon Cannon  
  180  11:36  Disruptor  
  180  11:37  Assimilator  
  184  11:41  Zealot x3  
  184  11:43  Disruptor  
  190  11:48  Templar Archives  
  190  12:05  Disruptor  
  190  12:12  Disruptor  
  186  12:15  Zealot x2  
  186  12:16  Zealot x5  
  200  12:49  Shield Battery  
  200  12:50  Photon Cannon  
  193  13:04  Zealot x5  
  197  13:14  Zealot  
Tags
 
Add a new tag
Caveats
  • Supply blocks, unpowered buildings, or Contaminate may cause inaccurate times.
  • Supply counts are checked every 10 seconds.